 Dungeon Crawl Stone Soup version 0.17.2 (webtiles) character file.

9 ololoev the Chopper (level 2, 2/22 HPs)
             Began as a Demonspawn Gladiator on June 9, 2016.
             Quit the game on level 3 of the Dungeon.
             The game lasted 00:02:02 (333 turns).

ololoev the Chopper (Demonspawn Gladiator)           Turns: 333, Time: 00:02:02

Health: 2/22       AC:  3    Str: 15    XL:     2   Next: 6%
Magic:  2/2        EV: 13    Int:  9    God:
Gold:   43         SH:  0    Dex: 17    Spells: 0 memorised, 1 level left

rFire  + . .     SeeInvis .     a - +0 war axe
rCold  + . .     Clarity  .     b - +0 leather armour
rNeg   . . .     SustAt   .     (no shield)
rPois  +         Gourm    .     (helmet restricted)
rElec  +         Spirit   .     (no cloak)
rCorr  +         Warding  .     (no gloves)
rMut   .         Stasis   .     (no boots)
MR     .....                    (no amulet)
Stlth  +.........               (no ring)
                                h - +4 ring of dexterity

@: lethally poisoned (2 -> -7), resistant, flying, drained, not resistant to
hostile enchantments, very unstealthy
A: antennae 1
a: no special abilities


Innate Abilities, Weirdness & Mutations

You have a pair of small antennae on your head.

Inventory:

Hand Weapons
 a - a +0 war axe (weapon)
Missiles
 d - 3 throwing nets (quivered)
Armour
 b - a +0 leather armour (worn)
Jewellery
 h - a +4 ring of dexterity (left hand)
Scrolls
 f - 2 scrolls of remove curse {unknown}
 g - a scroll of amnesia {unknown}
Comestibles
 e - a bread ration
 i - a slice of pizza


   Skills:
 - Level 2.0(1.9) Fighting
 * Level 3.1(3.0) Axes
 - Level 1.7(1.6) Throwing
 + Level 0.6(0.5) Armour
 - Level 2.6(2.5) Dodging


You had one spell level left.
You didn't know any spells.


You were on level 3 of the Dungeon.
You were not hungry.

You visited 1 branch of the dungeon, and saw 3 of its levels.

You collected 43 gold pieces.

#.+####'.#......#
#........#......#
+########'......#
.........)...##
...........###
....###....# .#.
##.<.# # #.oo##
#.@Kw## ####).#
#.{{.....#
#...........#
#......#..#%$
#......#..# .
#......# .#
.......# .
.#......# .#

Notes
Turn   | Place    | Note
--------------------------------------------------------------
     0 | D:1      | ololoev the Demonspawn Gladiator began the quest for the Orb.
     0 | D:1      | Reached XP level 1. HP: 16/16 MP: 1/1
   296 | D:3      | Reached skill level 3 in Axes
   321 | D:3      | Gained mutation: You have a pair of small antennae on your head. [demonic ancestry]
   321 | D:3      | Reached XP level 2. HP: 15/22 MP: 2/2
   323 | D:3      | Noticed an orc priest
   333 | D:3      | Quit the game

Dungeon Overview and Level Annotations

Branches:
Dungeon (3/15)

Altars:


Message History

Unknown command.
You closely miss the kobold.
The kobold is severely wounded.
You hit the orc but do no damage. The kobold closely misses you.
The orc hits you but does no damage.
Unknown command.
You slash the kobold!
You kill the kobold!
You completely miss the orc. You hit the orc.
The orc is lightly wounded.
The orc barely misses you. The orc closely misses you.
Unknown command.
You closely miss the kobold.
The orc priest shouts!
You hit the orc but do no damage. x2
The orc is lightly wounded.
The orc priest casts a cantrip, but nothing happens.
The orc closely misses you. The kobold hits you but does no damage.
The orc closely misses you.
Press: ? - help, v - describe, . - travel, g - get item
Here: a kobold, wielding an enchanted dagger A +0 helmet.
The floor.
Drink which item? (? for menu, Esc to quit)
It was a potion of poison.
That liquid tasted very nasty...
You are poisoned.
You feel sick. The kobold barely misses you. The orc hits you with a hand axe.
The orc misses you.
Unknown command.
Drink which item? (? for menu, Esc to quit)
It was a potion of flight.
You feel very buoyant.
You fly up into the air.
You feel sick. The kobold hits you but does no damage.
The orc barely misses you. The orc hits you with a hand axe.
Drink which item? (? for menu, Esc to quit)
It was a potion of resistance.
You feel protected.
The kobold hits you with an enchanted dagger.
The orc hits you. The orc hits you but does no damage.
Are you sure you want to abandon this character and quit the game? (Confirm with "yes".)

You could see a worm, 2 orcs and a kobold.

Vanquished Creatures
  A worm (D:2)
  An orc (D:3)
  A goblin (D:3)
  2 kobolds
  A bat (D:1)
6 creatures vanquished.

Action                   || total
-------------------------++-------
Melee: War axe           ||    18
Throw: Throwing net      ||     1
  Use: Potion            ||     3
 Stab: Sleeping          ||     2

Vault maps used:
D:1:      sevenhm_arrival_forest_fort_small_3
D:2:      grunt_temple_overflow_open, kennysheep_generic_room_12, uniq_natasha
D:3:      lemuel_coloured_pillars_altar, first_bread, minivault_11,
          minmay_rat_hole
